← All builds
Beach sea / Cortex / Economy first / OBSERVED BUILD

Standard beach sea

Cortex Beach sea build order · Supreme Isthmus

The role's usual play: com goes to sea to build a shipyard around 2 minutes, pumping frigates and destroyers to contest enemy sea entry or hold vision, with an advanced metal extractor around 10 minutes as the transition into the team's…

Usually shipyard first (93%)

#naval #eco · 1584 distinct matches · 206 players · 84% of Cortex Beach sea games · team won 55% of 1788 · Recently observed

HOW TO PLAY IT

Key timing: Shipyard by 1:56

  1. Open 3 mex, then send com to sea to build Shipyard by 1:56.
  2. Add tidal generators, wind and more mex to fund the shipyard.
  3. Pump Riptide first, then Oppressor to contest enemy sea entry.
  4. Get T2 constructor out to start scaling the naval economy.
  5. Transition into Advanced Metal Extractor as the economy phase begins.

Phase by phase

TYPICAL OF ITS 1584 GAMES
  1. 1
  2. 2
  3. 3
PLAY THE OPENING

Follow the example game's first 6:00 step by step: what to build now, what comes next, and where it goes. At 1× it keeps pace with your own game.

  1. 1

    Up to the Shipyard

    Economy
    • Metal Extractor3Mex
    • Wind Turbine3Windfor allies
    • Wind Turbine2Wind
    • Energy Storage1Energy storage
    Order
    1. ShipyardShipyard after 3 mex, 2 wind, 1 energy storagedone ~1:56, middle half 1:43–2:07

    Some games also: Guard (30%)

    By 1:39 in all: 3 mex · 2 wind · 1 energy storage

    The example game in this phase · 6 steps
    1. Mex ×3
    2. Wind ×2
    3. Wind ×2for Air
    4. Wind
    5. Windfor Air
    6. ShipyardShipyarddone 1:46 · typical 1:56
  2. 2

    Shipyard to 5:00

    Economy
    • Metal Extractor5Mex
    • Tidal Generator2Tidal
    Builders
    • Construction Ship2 Con ship
    Army
    • Riptide2 Frigate
    • Herring1 Missile corvette
    • Oppressor1 Destroyer
    Other
    • Naval Radar / Sonar Tower1 Naval Radar / Sonar Tower

    Some games also: Urchin (46%) · mex (38%) · wind (37%) · submarine (36%) · wind (36%)

    By 5:00 in all: 8 mex · 3 wind · 2 tidal · 1 energy storage

    The example game in this phase · 15 steps
    1. HerringMissile corvette
    2. SupporterGunboat
    3. Tidal
    4. HerringMissile corvette
    5. Tidal ×2
    6. SupporterGunboat
    7. Construction ShipCon ship ×2
    8. OppressorDestroyerdone 4:29 · typical 5:15
    9. Mex
    10. Mex
    11. Converter
    12. Mex
    13. RiptideFrigatedone 5:01 · typical 3:50
    14. Mex
    15. Naval Radar / Sonar TowerNaval Radar / Sonar Tower
  3. 3

    5:00 to 10:00

    Economy
    • Metal Extractor1Mex
    • Wind Turbine8Wind
    Builders
    • Construction Ship1 Con ship
    • Death Cavalry1 Death Cavalry
    Army
    • Urchin1 Urchin
    • Riptide5 Frigate
    • Oppressor2 Destroyer
    • Herring2 Missile corvette
    Other
    • Naval Radar / Sonar Tower1 Naval Radar / Sonar Tower

    Some games also: Naval Construction Turret (49%) · Guard (47%) · Radar Tower (39%) · tidal (39%) · wind (34%)

    By 10:00 in all: 9 mex · 10 wind · 4 wind · 4 tidal · 1 energy storage · 1 Naval Construction Turret

    The example game in this phase · 86 steps
    1. RiptideFrigate
    2. Mex
    3. Con turret
    4. Naval Radar / Sonar TowerNaval Radar / Sonar Tower
    5. Mex
    6. Death CavalryDeath Cavalry
    7. Solar ×2
    8. OppressorDestroyer
    9. GuardGuard
    10. Naval Radar / Sonar TowerNaval Radar / Sonar Tower
    11. Radar TowerRadar Tower
    12. Wind ×2
    13. HerringMissile corvette
    14. Wind
    15. RiptideFrigate
    16. Wind
    17. Converter
    18. RiptideFrigate
    19. Wind
    20. Converter
    21. Wind
    22. Converter
    23. Wind ×2
    24. Death CavalryDeath Cavalry
    25. Converter
    26. Wind ×2
    27. OppressorDestroyer
    28. Wind ×2
    29. Converter
    30. Wind ×3
    31. Naval Construction Turret
    32. Mex
    33. RiptideFrigate
    34. Wind
    35. Converter
    36. Wind ×3
    37. RiptideFrigate
    38. Naval Radar / Sonar TowerNaval Radar / Sonar Tower ×2
    39. Converter
    40. Naval Construction Turret
    41. Wind
    42. Advanced Metal ExtractorT2 mexdone 10:15 · typical 9:58
    43. Wind
    44. Death CavalryDeath Cavalry
    45. Naval Construction Turret
    46. UrchinUrchin
    47. GuardGuard
    48. Converter
    49. OppressorDestroyer
    50. Wind
    51. Advanced Metal ExtractorT2 mex
    52. Wind
    53. RiptideFrigate
    54. Converter
    55. RiptideFrigate
    56. HerringMissile corvette ×2
    57. Wind
    58. HerringMissile corvette
    59. Wind
    60. Advanced Metal ExtractorT2 mex
    61. RiptideFrigate
    62. Wind ×2
    63. Death CavalryDeath Cavalry
    64. OppressorDestroyer
    65. Converter
    66. Naval Radar / Sonar TowerNaval Radar / Sonar Tower
    67. Wind ×2
    68. RiptideFrigate
    69. Wind
    70. RiptideFrigate
    71. Wind
    72. Advanced Metal ExtractorT2 mex
    73. Converter
    74. Construction ShipCon ship
    75. Advanced ShipyardAdvanced Shipyarddone 13:48
    76. Wind ×2
    77. Naval Radar / Sonar TowerNaval Radar / Sonar Tower
    78. Wind
    79. HerringMissile corvette
    80. Wind
    81. Converter
    82. HerringMissile corvette ×2
    83. PhantasmRadar jammer ship
    84. HerringMissile corvette
    85. DespotBattleshipdone 14:59
    86. Con turret

Counts are medians over the build's games: half of them build more, half fewer. The example game is Vaticineur's (33 OS, 13/10/2026); pick another.

Team trades

IN AT LEAST 30% OF ITS GAMES

You hand over

  • Wind Turbine3 Wind to Airfirst at 1:46 · in 77% of games

You get

  • Finch1 Finch from Airfirst at 2:00 · in 80% of games
  • Lazarus1 Lazarus from Geofirst at 2:13 · in 63% of games
  • Hephaestus1 Heavy transport from Airfirst at 2:16 · in 64% of games
  • Construction Bot1 Con bot from Geofirst at 2:26 · in 70% of games
  • Hercules1 Light transport from Airfirst at 2:34 · in 32% of games
  • Advanced Construction Bot1 T2 con bot from Techfirst at 8:08 · in 89% of games

How it plays out

Typical game of this build, running totals by minute

Metal produced

010k20k30k
0:005:0010:0015:00

metal

Enemy metal destroyed

05k10k
0:005:0010:0015:00

metal

Own metal lost

02.5k5k7.5k
0:005:0010:0015:00

metal

1788 games.

Show as table
ByMetal produced: This buildEnemy metal destroyed: This buildOwn metal lost: This build
1:0040300
2:0093700
3:00155300
4:002540051
5:003717178101
6:005047485280
7:006492974594
8:00807016681001
9:00967726081532
10:001153637112321
11:001368547433104
12:001625058443875
13:001895468744648
14:002167279145686
15:002457688436511
WHAT THE NUMBERS SAY

Standard Beach sea play has the lowest team win rate of these builds and destroys far less enemy metal early than it loses eco time.

  • + Metal produced climbs to 24945 by 15:00, the highest of all six roles.
  • + Riptide and Oppressor together make 63% of army, a focused naval composition.
  • − Enemy metal destroyed is only 200 by 5:00, barely contesting early sea.
  • − T2 factory only reached in 35% of games, behind other roles' T2 timing.
THE EXAMPLE YOU ARE READING

Vaticineur

33.1 OS · 13/10/2026

Open source match ↗

8 received units · includes a constructor
1149 metal received · 14064 energy received

Allied construction assistance is unknown. Timings are observations, not a promise of solo reproducibility.

Typical milestones

Shipyard1:56Middle 50%: 1:43–2:07 · n=1785
Riptide3:50Middle 50%: 3:12–4:34 · n=1742
Oppressor5:15Middle 50%: 4:29–6:06 · n=1721
Advanced Metal Extractor9:58Middle 50%: 9:17–10:54 · n=1512

Played most by

EpicTyrannus120games of this buildDamsko69games of this buildKbot_my_Ahole67games of this buildWaboum64games of this buildPRO_HYDRA63games of this build